 Dungeon Crawl Stone Soup version 0.20.1-1-g8b1a95d (webtiles) character file.

399 CInkIbrahim the Poker (level 6, -1/44 HPs)
             Began as a Vampire Gladiator on Sept 30, 2017.
             Slain by an orc
             ... wielding a +0 short sword
              (4 damage)
             ... on level 4 of the Dungeon.
             The game lasted 00:04:55 (2760 turns).

CInkIbrahim the Poker (Vampire Gladiator)           Turns: 2760, Time: 00:04:56

Health: -1/44      AC:  4    Str: 13    XL:     6   Next: 54%
Magic:  6/6        EV: 13    Int: 11    God:
Gold:   113        SH:  0    Dex: 17    Spells: 5/5 levels left

rFire    . . .     SeeInvis +   a - +0 trident
rCold    . . .     Gourm    .   (no shield)
rNeg     . . .     Faith    .   b - +0 leather armour
rPois    .         Spirit   .   c - +0 helmet
rElec    .         Reflect  .   (no cloak)
rCorr    .         Harm     .   (no gloves)
MR       .....                  (no boots)
Stlth    +.........             (no amulet)
Regen    0.4/turn               (no ring)
MPRegen  0.1/turn               (no ring)

@: regenerating quickly
A: fangs 3, see invisible, unbreathing
a: no special abilities


You were on level 4 of the Dungeon.
You were full.

You visited 1 branch of the dungeon, and saw 4 of its levels.

You collected 113 gold pieces.

Inventory:

Hand Weapons
 a - a +0 trident (weapon)
Missiles
 d - a throwing net (quivered)
Armour
 b - a +0 leather armour (worn)
 c - a +0 helmet (worn)
Scrolls
 g - 4 scrolls of remove curse
 i - a scroll of random uselessness {unknown}
 k - a scroll of fog {unknown}
 l - a scroll of amnesia {unknown}
 o - a scroll of enchant armour {unknown}
 p - a scroll of noise {unknown}
 q - a scroll of immolation {unknown}
 r - 2 scrolls of teleportation {unknown}
 w - a scroll of enchant weapon {unknown}
Potions
 e - 2 potions of blood
 f - 2 potions of curing
 h - a potion of experience {unknown}
 j - a potion of berserk rage
 m - a potion of brilliance {unknown}
 s - 2 potions of agility {unknown}
 t - 2 potions of cancellation {unknown}
 v - a potion of heal wounds {unknown}
Books
 n - Jessica's Papyrus of Beguiling
   (You found it on level 2 of the Dungeon)

   Spells                             Type                      Level
   a - Confusing Touch                Hexes                        1
   b - Corona                         Hexes                        1


   Skills:
 - Level 1.7 Fighting
 + Level 6.8 Polearms
 - Level 1.5 Throwing
 - Level 3.2 Dodging


You had 5 spell levels left.
You didn't know any spells.

Dungeon Overview and Level Annotations

Branches:
Dungeon (4/15)
 Temple: D:4-7

Altars:
Kikubaaqudgha

Shops:
D:4 (

Annotations:
D:4 Internecine's ghost, amateur DrHu


Innate Abilities, Weirdness & Mutations

Your natural rate of healing is unusually fast.
You have razor-sharp teeth.
You have supernaturally acute eyesight. (SInv)
You can survive without breathing.


Message History

You hit the orc priest but do no damage.
The orc priest is almost dead.
The orc hits you but does no damage.
The orc priest casts a cantrip, but nothing happens.
You hit the orc priest but do no damage.
The orc priest is almost dead.
The orc closely misses you. The orc priest hits you with a whip.
* * * LOW HITPOINT WARNING * * *
You closely miss the orc priest.
The orc priest is almost dead.
The orc hits you but does no damage. The orc priest hits you with a whip.
* * * LOW HITPOINT WARNING * * *
You puncture the orc priest!
You kill the orc priest!
The orc hits you with a short sword.
* * * LOW HITPOINT WARNING * * *
You hit the orc.
The orc is heavily wounded.
The orc hits you with a short sword.
You die...

.. #### #.
####.....
#####.##..#....
.<.............
..........#
.######...####### #
######...##....##..
#..................
#...o@.............
##.###).###..######
# ###..###).#####
#...........).#
#.....∩.......#
#..............8
##..###.####.#..
#### #.# .# 8 ..# .


You could see an orc.

Vanquished Creatures
  An orc warrior (D:4)
  An orc priest (D:4)
  Jessica (D:2)
  A worker ant (D:4)
  Natasha (thrice) (D:3)
  An orc wizard (D:3)
  3 adders
  An ooze (D:2)
  2 worms (D:3)
  A dart slug (D:2)
  A leopard gecko (D:1)
  5 orcs (D:3)
  2 ball pythons
  8 bats
  15 giant cockroaches
  4 hobgoblins
  8 jackals
  3 quokkas
  3 frilled lizards
  6 goblins
  4 kobolds
  10 rats
84 creatures vanquished.

Notes
Turn   | Place    | Note
-------+----------+-------------------------------------------
     0 | D:1      | CInkIbrahim the Vampire Gladiator began the quest for the Orb.
     0 | D:1      | Reached XP level 1. HP: 16/16 MP: 1/1
   136 | D:1      | Reached skill level 3 in Polearms
   189 | D:1      | Reached XP level 2. HP: 21/22 MP: 2/2
   481 | D:1      | Reached XP level 3. HP: 27/27 MP: 3/3
   633 | D:2      | Found an ancient bone altar of Kikubaaqudgha.
   735 | D:2      | Reached skill level 4 in Polearms
   909 | D:2      | Noticed Jessica
   915 | D:2      | Killed Jessica
   915 | D:2      | Reached XP level 4. HP: 33/33 MP: 4/4
   926 | D:2      | Identified Jessica's Papyrus of Beguiling
  1875 | D:3      | Reached skill level 5 in Polearms
  1956 | D:3      | Noticed Natasha
  1960 | D:3      | Killed Natasha
  1960 | D:3      | Reached XP level 5. HP: 37/38 MP: 5/5
  2017 | D:3      | Noticed Natasha
  2030 | D:3      | Killed Natasha
  2338 | D:3      | Noticed Natasha
  2343 | D:3      | Killed Natasha
  2343 | D:3      | Reached skill level 6 in Polearms
  2378 | D:4      | Noticed Internecine's ghost (amateur DrHu)
  2426 | D:4      | Found Ybulueh's Weapon Emporium.
  2438 | D:4      | Reached XP level 6. HP: 17/44 MP: 6/6
  2552 | D:4      | Noticed an orc warrior
  2635 | D:4      | Killed an orc warrior
  2760 | D:4      | Slain by an orc

Skill      XL: |  1  2  3  4  5 |
---------------+----------------+-----
Polearms       | 3 4 5 6 |  6.8
Fighting       | |  1.7
Throwing       | |  1.5
Dodging        | |  3.2

Action                   |  1- 3 |  4- 6 || total
-------------------------+-------+-------++-------
Melee: Trident           |   106 |   202 ||   308
       Bite              |    10 |    21 ||    31
Throw: Throwing net      |       |     2 ||     2
  Use: Scroll            |       |     4 ||     4
       Potion            |       |     1 ||     1
 Stab: Sleeping          |     2 |     2 ||     4
       Distracted        |     1 |       ||     1
       Held in net/web   |       |     5 ||     5
  Eat: Corpse            |     3 |     8 ||    11
Armor: Leather armour    |    20 |    51 ||    71
Dodge: Dodged            |    74 |   118 ||   192
